 Dungeon Crawl Stone Soup version 0.29.1-2-gbd0b4ee654 (webtiles) character file.

Game seed: 3061461550873457725

0 kingsuperguy the Sneak (level 1, -9/11 HPs)
             Began as a Spriggan Delver on Nov 14, 2022.
             Was an Initiate of the Shining One.
             Killed from afar by a white imp (12 damage)
             ... with a puff of frost
             ... on level 6 of the Dungeon.
             The game lasted 00:02:56 (733 turns).

kingsuperguy the Sneak (Spriggan Delver)             Turns: 733, Time: 00:02:57

Health: -9/11      AC:  2    Str:  8    XL:     1   Next: 0%
Magic:  2/2        EV: 17    Int: 11    God:    the Shining One [......]
Gold:   27         SH:  0    Dex: 16    Spells: 0/0 levels left

rFire   . . .      SeeInvis +   a - +0 short sword
rCold   . . .      Faith    .   (no shield)
rNeg    . . .      Spirit   .   b - +0 robe
rPois   .          Reflect  .   (helmet restricted)
rElec   .          Harm     .   (no cloak)
rCorr   .          Rampage  .   (gloves unavailable)
Will    .....                   (boots unavailable)
Stlth   ++........              (no amulet)
HPRegen 0.03/turn               h - +4 ring of slaying
MPRegen 0.08/turn               (no ring)

@: glowing, very quick
A: very small, no large weapons, unfitting armour, see invisible, speed 3
a: Renounce Religion


You were on level 6 of the Dungeon.
You worshipped the Shining One.
The Shining One was noncommittal.
You visited 1 branch of the dungeon, and saw 2 of its levels.

You collected 27 gold pieces.

Inventory:

Hand Weapons
 a - a +0 short sword (weapon)
 i - a +0 sling
 l - a +0 trident
Missiles
 k - 4 stones (quivered)
Armour
 b - a +0 robe (worn)
Jewellery
 h - a +4 ring of slaying (left hand)
Wands
 g - a wand of digging (3)
Scrolls
 c - a scroll of fog
 d - a scroll of magic mapping
 e - a scroll of fear
Potions
 f - a potion of haste
 j - a potion of flight {unknown}
 m - a potion of mutation {unknown}


   Skills:
 + Level 2.4 Fighting
 + Level 2.1 Short Blades
 + Level 2.6 Dodging
 + Level 7.2 Stealth


You couldn't memorise any spells.
You didn't know any spells.
Your spell library was empty.

Dungeon Overview and Level Annotations

Branches:
Dungeon (6/15)
 Temple: D:4-7

Altars:
Qazlal
The Shining One

Annotations:
D:5 Pikel
D:6 1 runed translucent door, cdecastro's ghost, novice DECj


Innate Abilities, Weirdness & Mutations

You are very small and have problems with some larger weapons.
You are too small for most types of armour.
You have supernaturally acute eyesight. (SInv)
You cover ground extremely quickly. (Speed+++)


Message History

A white imp comes into view.
Found a stone staircase leading down.
The white imp shouts, "Face thy requiem, thou villainous toenail-biting pinchbeck-pixie!"
You hit the white imp.
The white imp is severely wounded.
The white imp shouts, "Return whence thou came, thou peeagling elf-skinned hugger-mugger!"
The white imp gestures at you. The puff of frost hits you!
Ouch! That really hurt!
* * * LOW HITPOINT WARNING * * *
The white imp gestures at you. The puff of frost misses you.
Found a runed translucent door.
Found a stone staircase leading up.
Found a ring mail.
There is an escape hatch in the ceiling here.
You start resting.
HP restored.
There is a glowing golden altar of the Shining One here.
You kneel at the altar of the Shining One.
The Shining One welcomes you!
No target in view!
Found a stone staircase leading down.
You now have 27 gold pieces (gained 12).
A necrophage comes into view.
Found a scroll labelled PEDIFRUPLI.
The necrophage misses you.
A phantom comes into view.
There is an open door here.
The white imp shouts!
The white imp gestures at you. The puff of frost hits you!
Ouch! That really hurt!
* * * LOW HITPOINT WARNING * * *
Found a stormy altar of Qazlal.
Found a shiny ring mail and a scroll labelled TUG CIEMALEE.
The white imp gestures at you. The puff of frost hits you!
Ouch! That really hurt!
You die...

.....##..##.##.#
#.##.##..##.##.#
#.##.##.......>##
#.......###.##..########
####.#### #..##n......W.
#.# ##.###'##+##+ ...
.#.....# .... .#.....#
.....# #?'##@##+ ......#
#.#..#..[..# ......#
#.#.. '###+# .. #.#5. ..
##.# ##.'.. .._ ...##
#.)#.. .... #...# #h##..
'###' ..#.# #..#.. .? .#
#...# #..+


You could see a necrophage, a howler monkey (wandering) and a white imp.

Vanquished Creatures (others)
  2 plants (D:6)
2 creatures vanquished.

Notes
Turn   | Place    | Note
-------+----------+-------------------------------------------
     0 | D:5      | kingsuperguy the Spriggan Delver began the quest for the
                  | Orb.
     0 | D:5      | Reached XP level 1. HP: 11/11 MP: 2/2
    23 | D:5      | Noticed a scorpion
    26 | D:5      | Noticed Pikel
    27 | D:5      | Noticed a lemure
    27 | D:5      | Noticed a lemure
    27 | D:5      | Noticed a lemure
   101 | D:6      | Noticed a bullfrog
   115 | D:5      | Noticed an iguana
   325 | D:6      | Noticed a howler monkey
   336 | D:6      | Found a glowing golden altar of the Shining One.
   408 | D:6      | Found a runed translucent door.
   414 | D:6      | Noticed a bullfrog
   414 | D:6      | Noticed a bullfrog
   414 | D:6      | Noticed cdecastro's ghost (novice DECj)
   679 | D:6      | Became a worshipper of the Shining One
   724 | D:6      | Noticed a necrophage
   729 | D:6      | Noticed a phantom
   732 | D:6      | Found a stormy altar of Qazlal.
   733 | D:6      | Killed from afar by a white imp

Illustrated notes

Levels and vault maps discovered:
D:5:      lemuel_ice_spiral_2, layout_rooms, minmay_temple_entry_stoned_glass,
          kennysheep_small_square, uniq_eustachio, uniq_pikel
D:6:      layout_loops_cross, mainiacjoe_overflow_boulevard,
          mainiacjoe_overflow_24_doors, ebering_ghost_sewer_f, serial_shops,
          shop

Action                   || total
-------------------------++-------
Melee: Short sword       ||     1
Dodge: Dodged            ||     3
